 Dungeon Crawl Stone Soup version 0.17-a0-1504-gb7d9117 (webtiles) character file.

57948 urechis the Shatterer (level 14, 0/179 HPs)
             Began as an Ogre Gladiator on July 8, 2015.
             Was the Champion of Ru.
             Slain by a death yak (3 damage)
             ... on level 8 of the Lair of Beasts.
             The game lasted 01:14:06 (24495 turns).

urechis the Shatterer (Ogre Gladiator)             Turns: 24495, Time: 01:14:07

Health: 0/179      AC: 11    Str: 27    XL:     14   Next: 88%
Magic:  12/12      EV:  1    Int:  7    God:    Ru [******]
Gold:   1236       SH:  0    Dex:  8    Spells: 0 memorised, 13 levels left

rFire  . . .     SeeInvis +     a - +5 giant spiked club (freeze)
rCold  + . .     Clarity  .     h - +2 robe {rC+}
rNeg   + + +     SustAt   .     (no shield)
rPois  ∞         Gourm    +     (helmet restricted)
rElec  .         Spirit   .     g - +2 cloak
rCorr  .         Warding  .     (gloves unavailable)
rMut   .         Stasis   .     (boots unavailable)
MR     +....                    x - amulet "Tiunah Tuqeps" {Gourm +Inv rPois SInv}
Stlth  ..........               i - +3 ring of evasion
                                W - +3 ring of protection

@: exhausted, petrified, drained, somewhat resistant to hostile enchantments,
extremely unstealthy
A: unfitting armour, clumsy 1, low mp 1, tough skin 1, inability to drink while
threatened, no stealth, inability to use devices, hated by all
a: Draw Out Power, Power Leap, Apocalypse, Renounce Religion


You were on level 8 of the Lair of Beasts.
You worshipped Ru.
Ru was exalted by your worship.
You were not hungry.

You visited 3 branches of the dungeon, and saw 20 of its levels.
You also visited: Volcano.

You collected 1236 gold pieces.

Inventory:

Hand weapons
 a - a +5 giant spiked club of freezing (weapon)
 b - a +0 blowgun
Missiles
 e - 3 throwing nets (quivered)
 v - 66 poisoned needles
 E - 3 needles of frenzy
Armour
 g - a +2 cloak (worn)
 h - a +2 robe of cold resistance (worn)
 y - the +1 robe of Ufukij {rCorr}
   (You found it on level 8 of the Lair of Beasts)

   It protects you from acid and corrosion.
Jewellery
 d - an uncursed amulet of resist corrosion
 i - a +3 ring of evasion (right hand)
 l - an uncursed ring of protection from fire
 n - an uncursed ring of see invisible
 q - an uncursed ring of protection from magic
 x - the amulet "Tiunah Tuqeps" (around neck) {Gourm +Inv rPois SInv}
   (You found it on level 8 of the Lair of Beasts)

   [amulet of the gourmand]

   It allows you to eat raw meat even when not hungry.
   It protects you from poison.
   It lets you see invisible.
   It lets you turn invisible.
 N - an uncursed ring of positive energy
 W - a +3 ring of protection (left hand)
 Y - an uncursed amulet of stasis
Scrolls
 f - 2 scrolls of teleportation
 j - 8 scrolls of remove curse
 r - 2 scrolls of fog
 C - 7 scrolls of magic mapping
 L - 4 scrolls of fear
 M - 5 scrolls of enchant armour
 U - 2 scrolls of blinking
Potions
 k - a potion of haste
 m - a potion of invisibility {unknown}
 o - 2 potions of cure mutation
 p - 2 potions of lignification
 t - 3 potions of curing
 z - a potion of magic {unknown}
 A - 3 potions of agility
 D - 5 potions of berserk rage
 G - 3 potions of flight
 I - a potion of heal wounds
 Q - a potion of resistance {unknown}
 V - a potion of might {unknown}
 Z - a potion of cancellation {unknown}
Comestibles
 c - 11 bread rations
 s - 4 beef jerkies
 u - 12 fruits
 w - 6 meat rations
 B - 2 chunks of flesh
 H - 2 slices of pizza
 P - 10 royal jellies


   Skills:
 + Level 21.3(21.1) Fighting
 + Level 21.6(21.4) Maces & Flails
 - Level 2.1(2.0) Throwing
 - Level 2.6(2.5) Dodging


You had 13 spell levels left.
You didn't know any spells.

Dungeon Overview and Level Annotations

Branches:
Dungeon (11/15)            Temple (1/1) D:4            Lair (8/8) D:11
  Swamp (0/4) Lair:6       Spider (0/4) Lair:6        Slime (0/6) Lair:8
    Orc: D:9-12

Altars:
Ashenzari
Cheibriados
Dithmenos
Elyvilon
Fedhas
Gozag
Kikubaaqudgha
Makhleb
Nemelex Xobeh
Okawaru
Qazlal
Ru
Sif Muna
Trog
Vehumet
Xom
Yredelemnul
Zin
The Shining One

Shops:
D:5 [   D:7 !


Innate Abilities, Weirdness & Mutations

You are too large for most types of armour.
You are clumsy. (Dex -2)
Your magical capacity is low (-10% MP).
You have tough skin (AC +1).
You cannot drink potions while threatened.
You cannot be stealthy.
You cannot study or use magical devices.
You are hated by all.


Message History

You are slowing down.
The death yak gores you!
* * * LOW HITPOINT WARNING * * *
Your limbs are stiffening.
You bludgeon the death yak!! You freeze the death yak!
The death yak is heavily wounded.
The death yak gores you!!
* * * LOW HITPOINT WARNING * * *
You have turned to stone.
The death yak gores you.
* * * LOW HITPOINT WARNING * * *
You can drink potions again.
The death yak gores you. The death yak gores you!
* * * LOW HITPOINT WARNING * * *
The death yak completely misses you. The death yak gores you.
* * * LOW HITPOINT WARNING * * *
The death yak gores you.
You die...

## #.## ##...########
#.....Y@....###
#P....##P..♣..##
##...÷§##.P...P##
#.#÷.YY###.....# #.
#.Y..§.###...## #.
#....§÷..#P...## # #.
......Y8.##.÷..## # #
#....#.....#.....# #
#..##.##.8.#P..P.#####


You could see a death yak.

Vanquished Creatures
  8 hydras
  A catoblepas (Lair:8)
  2 centaur warriors (D:10)
  Urug (Lair:2)
  14 death yaks
  4 hill giants
  2 oklob plants (Lair:5)
  A manticore (D:11)
  An ugly thing (D:10)
  3 griffons
  10 elephants
  4 torpor snails
  8 spiny frogs
  5 black mambas
  A fire drake (Lair:1)
  The ghost of urechis the Cudgeler, an average OgGl of Ru (D:4)
  A fire drake (shapeshifter) (D:10)
  9 komodo dragons
  2 two-headed ogres
  2 polar bears (Lair:8)
  A troll (D:11)
  17 blink frogs
  5 basilisks
  A hog (Volcano)
  A steam dragon (Lair:3)
  21 yaks
  2 deep elf fighters (Volcano)
  A fire bat (Volcano)
  5 wyverns
  Grum (D:11)
  4 deep elf magi
  3 hungry ghosts
  12 hippogriffs
  A vampire mosquito (D:10)
  26 wolves
  A hell hound (Volcano)
  Edmund (Temple)
  The ghost of PeterLawrence the Cudgeler, an average GrFi (D:3)
  7 porcupines
  2 soldier ants (D:9)
  11 water moccasins
  3 sky beasts
  4 black bears
  2 phantoms (D:10)
  A necrophage (D:7)
  6 orc warriors
  3 ice beasts
  2 wasps
  A spider (D:9)
  4 ogres
  2 centaurs
  2 big kobolds
  14 crocodiles
  11 giant frogs
  Blork the orc (D:4)
  5 scorpions
  4 killer bees
  5 wights
  3 electric eels (Lair:2)
  10 crimson imps
  5 giant frog zombies
  6 two-headed ogre zombies (D:11)
  3 centaur skeletons
  7 hounds
  5 jellies
  5 orc priests
  2 centaur zombies
  2 giant frog skeletons
  Jessica (D:2)
  Terence (D:2)
  8 iguanas
  6 orc wizards
  A gnoll shaman (D:9)
  A killer bee zombie (D:7)
  8 worker ants
  27 sheep
  2 worker ant zombies
  7 gnolls
  41 river rats
  14 adders
  3 shadow imps
  2 oozes
  5 worms
  7 giant geckos
  35 orcs
  16 bats
  A bat skeleton (D:8)
  A bat zombie (D:8)
  5 giant cockroaches
  18 goblins
  16 hobgoblins
  5 jackals
  26 kobolds
  2 quokkas
  A ball python (D:3)
  7 giant newts
  2 quokka skeletons (D:5)
  16 rats
607 creatures vanquished.

Vanquished Creatures (others)
  A polar bear (Lair:8)
  A hungry ghost (D:9)
  A river rat (Lair:5)
  A hobgoblin (D:6)
  12 fungi
  5 plants
21 creatures vanquished.

Grand Total: 628 creatures vanquished

Notes
Turn   | Place    | Note
--------------------------------------------------------------
     0 | D:1      | urechis the Ogre Gladiator began the quest for the Orb.
     0 | D:1      | Reached XP level 1. HP: 22/22 MP: 1/1
   239 | D:1      | Reached XP level 2. HP: 13/31 MP: 2/2
   694 | D:2      | Noticed Jessica
   836 | D:2      | Killed Jessica
   836 | D:2      | Reached skill level 5 in Maces & Flails
   836 | D:2      | Reached XP level 3. HP: 37/39 MP: 3/3
   869 | D:2      | Noticed Terence
   878 | D:2      | Killed Terence
   878 | D:2      | Reached XP level 4. HP: 36/49 MP: 4/4
  1585 | D:3      | Noticed PeterLawrence's ghost (average GrFi)
  1614 | D:3      | Killed PeterLawrence's ghost
  1614 | D:3      | Reached skill level 5 in Fighting
  1614 | D:3      | Reached skill level 6 in Maces & Flails
  1614 | D:3      | Reached XP level 5. HP: 32/59 MP: 5/5
  1825 | D:3      | Reached XP level 6. HP: 67/67 MP: 6/6
  1838 | D:3      | HP: 3/67 [iguana (9)]
  2013 | D:3      | Reached skill level 7 in Maces & Flails
  2437 | D:3      | HP: 2/68 [orc/trident (7)]
  3179 | D:4      | Reached XP level 7. HP: 62/78 MP: 7/7
  3191 | D:4      | Found a staircase to the Ecumenical Temple.
  3192 | D:4      | Noticed Edmund
  3198 | Temple   | Entered the Ecumenical Temple
  3210 | Temple   | Killed Edmund
  3210 | Temple   | Reached skill level 8 in Maces & Flails
  3387 | Temple   | Became a worshipper of Ru the Awakened
  3425 | D:4      | Noticed Blork the orc
  3898 | D:4      | Noticed urechis's ghost (average OgGl)
  4328 | D:4      | Killed Blork the orc
  4362 | D:4      | Killed urechis's ghost
  4362 | D:4      | Reached skill level 9 in Maces & Flails
  4362 | D:4      | Reached XP level 8. HP: 62/91 MP: 8/8
  5171 | D:4      | Found a staircase to the Ecumenical Temple.
  5615 | D:5      | Entered Level 5 of the Dungeon
  5661 | D:5      | Gained mutation: You cannot study or use magical devices. [Ru sacrifice]
  5661 | D:5      | Acquired Ru's first power
  5661 | D:5      | Acquired Ru's second power
  5661 | D:5      | Acquired Ru's third power
  5786 | D:5      | Reached skill level 10 in Maces & Flails
  6109 | D:5      | Found Angibycs's Armour Shoppe.
  6411 | D:5      | Reached skill level 10 in Fighting
  6582 | D:5      | Reached XP level 9. HP: 87/102 MP: 9/9
  6765 | D:5      | Reached skill level 11 in Maces & Flails
  7553 | D:7      | Found Gixojiut's Distillery.
  7849 | D:7      | Reached skill level 12 in Maces & Flails
  7894 | D:8      | Found a sparkling altar of Nemelex Xobeh.
  8803 | D:8      | Paralysed by a wasp for 1 turns
  8806 | D:8      | Paralysed by a wasp for 1 turns
  8810 | D:8      | Reached XP level 10. HP: 82/117 MP: 10/10
  9121 | D:8      | Reached skill level 13 in Maces & Flails
  9420 | D:9      | Found a glowing silver altar of Zin.
  9592 | D:9      | Gained mutation: You are clumsy. (Dex -2) [Ru sacrifice]
  9829 | D:9      | Found a glowing golden altar of the Shining One.
 10469 | D:9      | Noticed a hill giant
 10469 | D:9      | Found a white marble altar of Elyvilon.
 10488 | D:9      | Found a shadowy altar of Dithmenos.
 10488 | D:9      | Found a stormy altar of Qazlal.
 10488 | D:9      | Found a blossoming altar of Fedhas.
 10502 | D:9      | Killed a hill giant
 10515 | D:9      | Found an opulent altar of Gozag.
 10515 | D:9      | Found a glowing silver altar of Zin.
 10685 | D:9      | Reached skill level 14 in Maces & Flails
 10700 | D:10     | Entered Level 10 of the Dungeon
 10723 | D:10     | Noticed a hill giant
 10725 | D:10     | Killed a hill giant
 10743 | D:10     | Noticed a hill giant
 10751 | D:10     | Killed a hill giant
 10751 | D:10     | Reached XP level 11. HP: 33/131 MP: 11/11
 10808 | D:10     | Noticed a centaur warrior
 10836 | D:10     | Killed a centaur warrior
 10836 | D:10     | Reached skill level 15 in Maces & Flails
 11230 | D:10     | Reached skill level 15 in Fighting
 11416 | D:10     | Noticed a brown ugly thing
 11420 | D:10     | Noticed a centaur warrior
 11514 | D:10     | Noticed a griffon
 11527 | D:10     | Killed a griffon
 11527 | D:10     | Noticed a ghost crab
 11527 | D:10     | an elephant changed into a ghost crab
 11592 | D:10     | Killed a centaur warrior
 12000 | D:10     | Killed a brown ugly thing
 12000 | D:10     | Reached skill level 16 in Maces & Flails
 12638 | D:11     | Gained mutation: You cannot be stealthy. [Ru sacrifice]
 12638 | D:11     | Acquired Ru's fourth power
 12659 | D:11     | Noticed a hill giant
 12666 | D:11     | Killed a hill giant
 12723 | D:11     | Found a shattered altar of Ashenzari.
 12885 | D:11     | Noticed Grum
 12894 | D:11     | Killed Grum
 12894 | D:11     | Reached XP level 12. HP: 130/145 MP: 12/12
 13030 | D:11     | Found a staircase to the Lair.
 13368 | Lair:1   | Entered Level 1 of the Lair of Beasts
 13384 | Lair:1   | Reached skill level 17 in Maces & Flails
 13620 | Lair:1   | Found a dark tunnel.
 13653 | Volcano  | Entered a volcano
 14246 | Lair:1   | Got a polished quarterstaff
 14247 | Lair:1   | Identified the +6 quarterstaff of the Iron City of Dis {crush, rF+} (You found it on level 1 of the Lair of Beasts)
 15158 | Lair:1   | Gained mutation: You are hated by all. [Ru sacrifice]
 15158 | Lair:1   | Acquired Ru's fifth power
 15530 | Lair:2   | Noticed Urug
 15537 | Lair:2   | Killed Urug
 16285 | Lair:2   | Reached skill level 18 in Maces & Flails
 16922 | Lair:3   | Noticed a four-headed hydra
 16930 | Lair:3   | Killed a four-headed hydra
 16953 | Lair:3   | Reached XP level 13. HP: 74/158 MP: 13/13
 17297 | Lair:3   | Noticed a five-headed hydra
 17300 | Lair:3   | Killed a five-headed hydra
 17477 | Lair:3   | HP: 3/161 [five-headed hydra (8)]
 17479 | Lair:3   | Reached skill level 19 in Maces & Flails
 17497 | Lair:3   | Gained mutation: Your magical capacity is low (-10% MP). [Ru sacrifice]
 17833 | Lair:3   | Found a snail-covered altar of Cheibriados.
 20064 | Lair:5   | Gained mutation: You cannot drink potions while threatened. [Ru sacrifice]
 20382 | Lair:5   | Reached skill level 20 in Maces & Flails
 20910 | Lair:5   | Reached XP level 14. HP: 174/174 MP: 12/12
 21431 | Lair:6   | Found a hole to the Spider Nest.
 21520 | Lair:6   | Found a staircase to the Swamp.
 22979 | Lair:7   | HP: 5/176 [death yak (28)]
 23070 | Lair:6   | Reached skill level 21 in Maces & Flails
 23721 | Lair:8   | Entered Level 8 of the Lair of Beasts
 23902 | Lair:8   | Got a translucent crystal amulet
 23904 | Lair:8   | Identified the amulet "Tiunah Tuqeps" {Gourm +Inv rPois SInv} (You found it on level 8 of the Lair of Beasts)
 24212 | Lair:8   | Found a staircase to the Slime Pits.
 24281 | Lair:8   | Got a smoking robe
 24292 | Lair:8   | Identified the cursed +1 robe of Ufukij {rCorr} (You found it on level 8 of the Lair of Beasts)
 24482 | Lair:8   | HP: 3/179 [catoblepas (14)]
 24492 | Lair:8   | HP: 4/179 [death yak (8)]
 24495 | Lair:8   | Slain by a death yak

Vault maps used:
D:1:      dpeg_arrival_court, minmay_hedge_maze, due_unseen_surprise
D:2:      kennysheep_the_goblin_king, minmay_misc_feat_ornament, uniq_jessica,
          uniq_terence
D:4:      first_bread, uniq_blork_the_orc, uniq_edmund
D:5:      serial_shops, shop, hex_medium, st_stairs_6
D:7:      serial_shops, shop
D:8:      basic_altar
D:9:      minmay_overflow_temple_hex, basic_altar, hangedman_pestilent_swarm,
          nicolae_tso_swordbearing_angel
D:10:     minmay_ornate_pinched, minivault_28
D:11:     lemuel_ogre_cave, lair_0_dummy, basic_altar, uniq_grum
Temple:   circular_temple_13
Lair:1:   enter_volcano_3, grunt_forest_small_clearings,
          infiniplex_staircase_pool, serial_bayou_shore_b
Lair:2:   grunt_megastairs_3, serial_bayou_shore_a, lemuel_fruit_tree,
          infiniplex_staircase_pool_2, uniq_urug
Lair:3:   minivault_23, minivault_23, kennysheep_snail_temple,
          grunt_megastairs_2
Lair:5:   dpeg_oklob_shooting_range
Lair:6:   boulder_quad_collide, swamp_mist_pool, spider_nest_entry_web_field
Lair:7:   hibernation_bobbens
Lair:8:   grunt_lair_end_beastmaster, slime_dummy, grunt_megastairs_4
Volcano:  volcano_village

Action                   |  1- 3 |  4- 6 |  7- 9 | 10-12 | 13-15 || total
-------------------------+-------+-------+-------+-------+-------++-------
Melee: Flail             |    63 |   183 |    12 |       |       ||   258
       Giant club        |       |       |   130 |       |       ||   130
       Giant spiked club |       |       |   173 |   503 |   497 ||  1173
 Fire: Blowgun           |       |       |     4 |       |       ||     4
Throw: Throwing net      |       |     1 |       |       |       ||     1
Invok: Sacrifice Artific |       |       |     1 |       |       ||     1
       Reject Sacrifices |       |       |     1 |       |       ||     1
       Sacrifice Purity  |       |       |       |     1 |       ||     1
       Sacrifice Stealth |       |       |       |     1 |       ||     1
       Sacrifice Love    |       |       |       |     1 |       ||     1
       Sacrifice Drink   |       |       |       |       |     1 ||     1
       Sacrifice Essence |       |       |       |       |     1 ||     1
       Draw Out Power    |       |       |       |       |     2 ||     2
  Use: Scroll            |     3 |     4 |     6 |    15 |    11 ||    39
       Potion            |       |       |       |     4 |     3 ||     7
 Stab: Sleeping          |     2 |       |     3 |       |       ||     5
       Distracted        |       |     1 |       |     1 |     2 ||     4
       Invisible         |       |       |     3 |     7 |     6 ||    16
       Paralysed         |       |       |       |     1 |     9 ||    10
       Petrified         |       |       |       |       |     1 ||     1
  Eat: Chunk             |       |     6 |    15 |    25 |    18 ||    64
       Bread ration      |       |       |     1 |       |       ||     1
       Fruit             |       |       |       |     3 |     7 ||    10
